 Dungeon Crawl Stone Soup version 0.26-a0-163-g6c8a0bf695 (webtiles) character file.

Game seed: 15047960446958829830

168 BritishOli the Skirmisher (level 5, -1/42 HPs)
             Began as a Demonspawn Monk on July 3, 2020.
             Slain by an orc
             ... wielding a +0 flail
              (7 damage)
             ... on level 3 of the Dungeon.
             The game lasted 00:01:58 (1856 turns).

BritishOli the Skirmisher (Demonspawn Monk)         Turns: 1856, Time: 00:01:58

Health: -1/42      AC:  3    Str: 13    XL:     5   Next: 24%
Magic:  5/5        EV: 14    Int: 11    God:
Gold:   157        SH:  0    Dex: 15    Spells: 4/4 levels left

rFire    . . .     SeeInvis .   a - +0 falchion
rCold    . . .     Faith    .   (no shield)
rNeg     . . .     Spirit   .   b - +0 robe
rPois    .         Reflect  .   (no helmet)
rElec    .         Harm     .   (no cloak)
rCorr    .                      (no gloves)
MR       .....                  n - +0 pair of boots
Stlth    ++........             e - amulet of regeneration
HPRegen  0.54/turn              (no ring)
MPRegen  0.09/turn              (no ring)

@: no status effects
A: powered by pain 1
a: no special abilities


You were on level 3 of the Dungeon.
You were not hungry.

You visited 1 branch of the dungeon, and saw 3 of its levels.

You collected 157 gold pieces.

Inventory:

Hand Weapons
 a - a +0 falchion (weapon)
Armour
 b - a +0 robe (worn)
 n - a +0 pair of boots (worn)
Jewellery
 e - an amulet of regeneration (around neck)
 i - a cursed -4 ring of protection {unknown}
 k - an uncursed ring of ice
Scrolls
 f - a scroll of identify {unknown}
 j - a scroll of remove curse {unknown}
 p - a scroll of fog {unknown}
 s - a scroll of enchant weapon {unknown}
 t - a scroll of immolation {unknown}
Potions
 d - a potion of magic {unknown}
 g - 5 potions of curing {unknown}
 h - a potion of ambrosia {unknown}
 l - a potion of flight {unknown}
 m - a potion of heal wounds {unknown}
 q - a potion of haste {unknown}
 r - a potion of brilliance {unknown}
Comestibles
 c - 6 rations
 o - a chunk of flesh


   Skills:
 + Level 3.8 Fighting
 + Level 3.3 Long Blades
 + Level 1.8 Armour
 + Level 3.4 Dodging
 + Level 2.8 Stealth


You had 4 spell levels left.
You didn't know any spells.
Your spell library was empty.

Dungeon Overview and Level Annotations

Branches:
Dungeon (3/15)

Altars:


Innate Abilities, Weirdness & Mutations

You sometimes gain a little power by taking damage.


Message History

You hit the goblin.
You kill the goblin!
You hit the orc but do no damage. The orc barely misses you.
You hit the orc.
The orc is lightly wounded.
You barely miss the orc. The orc misses you. The orc closely misses you.
You closely miss the orc. The orc closely misses you. The orc misses you.
You riposte.
You barely miss the orc. You closely miss the orc.
The orc hits you but does no damage. The orc misses you.
You riposte.
You closely miss the orc. You closely miss the orc.
The orc hits you with a +0 flail. x2
You barely miss the orc. The orc completely misses you.
The orc hits you with a +0 flail.
* * * LOW HITPOINT WARNING * * *
You hit the orc.
The orc is severely wounded.
The orc hits you with a +0 flail!
* * * LOW HITPOINT WARNING * * *
The orc hits you with a +0 flail!
You die...

..+ #...#+## ..# #
#......# ..# #.##†(....#
. ..# #.........# ..
..########([....# ...
..........(.....# ...
.##########.....# ..
.......#^.......##.##...
.#####.#.#......@o......
...# #...#+#..o#.#####
.#.# #... #...# # .#.#
#... #...# .# # #...
#...# .. #. #.#.# ...
#.#.. ..... #+#.. .....


You could see 2 orcs.

Vanquished Creatures
  A bullfrog skeleton (D:2)
  An orc priest (D:3)
  Terence (D:3)
  3 adders
  A worm (D:2)
  A dart slug (D:1)
  3 leopard geckos (D:1)
  4 hobgoblins
  5 jackals
  9 kobolds
  11 bats
  3 frilled lizards
  8 goblins
  4 rats
55 creatures vanquished.

Notes
Turn   | Place    | Note
-------+----------+-------------------------------------------
     0 | D:1      | BritishOli the Demonspawn Monk began the quest for the Orb.
     0 | D:1      | Reached XP level 1. HP: 18/18 MP: 1/1
    82 | D:1      | Gained mutation: You sometimes gain a little power by
                  | taking damage. [demonic ancestry]
    82 | D:1      | Reached XP level 2. HP: 13/24 MP: 2/2
   542 | D:1      | Reached XP level 3. HP: 25/29 MP: 3/3
   958 | D:2      | Reached skill level 1 in Armour
  1182 | D:2      | Reached XP level 4. HP: 35/35 MP: 4/4
  1804 | D:3      | Reached XP level 5. HP: 22/42 MP: 5/5
  1831 | D:3      | Noticed Terence
  1846 | D:3      | Killed Terence
  1856 | D:3      | Slain by an orc

Illustrated notes

Levels and vault maps discovered:
D:1:      erik_arrival_cave_to_civilisation [erik_arrival_cave_to_hall],
          layout_basic, minmay_split_cup_small
D:2:      layout_loops_ring
D:3:      layout_basic, first_ration, uniq_jessica, uniq_terence

Skill      XL: |  1  2  3 |
---------------+----------+-----
Stealth        | 2 |  2.8
Long Blades    | 3 |  3.3
Armour         | 1 |  1.8
Dodging        | 3 |  3.4
Fighting       | |  3.8

Action                   |  1- 3 |  4- 6 || total
-------------------------+-------+-------++-------
Melee: Falchion          |    95 |    97 ||   192
 Stab: Sleeping          |     3 |     3 ||     6
  Eat: Chunk             |     1 |     2 ||     3
Armor: Robe              |    30 |    19 ||    49
Dodge: Dodged            |    91 |    96 ||   187
       Rpst.: Falchion   |    23 |    29 ||    52

Table legend:
 A = Non-vault XP
 B = Vault XP
 C = Vault XP percentage of total XP
 D = Non-vault monster count
 E = Vault monster count
 F = Vault count percentage of total count
                 A         B        C        D         E       F
            +---------+---------+-------+---------+---------+-------
      Total |     198 |      43 |  17.8 |      51 |       4 |   7.3
            +---------+---------+-------+---------+---------+-------
        D:1 |      40 |       7 |  14.9 |      24 |       3 |  11.1
        D:2 |      85 |       0 |   0.0 |      20 |       0 |   0.0
        D:3 |      73 |      36 |  33.0 |       7 |       1 |  12.5
            +---------+---------+-------+---------+---------+-------
